 Dungeon Crawl Stone Soup version 0.17-a0-1481-gfdcec5c (webtiles) character file.

11642 namelastname112 the Geomancer (level 11, -27/81 HPs)
             Began as a Green Draconian Earth Elementalist on July 4, 2015.
             Was a High Priest of Sif Muna.
             Annihilated by a minotaur
             ... wielding the +6 short sword of Summertime {venom, *Noise rPois Str+7 Stlth+}
              (34 damage)
             ... in a labyrinth.
             The game lasted 00:47:21 (16531 turns).

namelastname112 the Geomancer (DrEE)               Turns: 16531, Time: 00:47:22

Health: -27/81     AC:  9    Str: 10    XL:     11   Next: 52%
Magic:  0/21       EV: 12    Int: 20    God:    Sif Muna [*****.]
Gold:   711        SH:  0    Dex: 11    Spells: 6 memorised, 10 levels left

rFire  + . .     SeeInvis +     t - +3 quarterstaff (chaos)
rCold  . . .     Clarity  .     (armour unavailable)
rNeg   . . .     SustAt   .     (no shield)
rPois  +         Gourm    .     (helmet restricted)
rElec  .         Spirit   .     u - +1 cloak
rCorr  .         Warding  .     (no gloves)
rMut   .         Rnd*Tele +     (no boots)
MR     +....                    (no amulet)
Stlth  ++........               y - ring of teleportation
                                d - ring of protection from fire

@: very slightly contaminated, somewhat resistant to hostile enchantments,
unstealthy
A: breathe noxious fumes, unfitting armour, see invisible, low mp 1, magic
resistance 1, mutation resistance 1, poison resistance, robust 1, cold-blooded,
AC +7
a: Breathe Noxious Fumes, Channel Energy, Forget Spell, Renounce Religion, Evoke
Teleportation


You were in a labyrinth.
You worshipped Sif Muna.
Sif Muna was extremely pleased with you.
You were not hungry.

You visited 3 branches of the dungeon, and saw 14 of its levels.
You also visited: Labyrinth, Sewer and Bailey.

You collected 711 gold pieces.

Inventory:

Hand weapons
 t - a +3 quarterstaff of chaos (weapon)
 C - the +7 flail of the Fifty Mice {vamp, rElec rF++ Str+2 Int-4, unknown}
   (You found it on level 8 of the Dungeon)

   It inflicts no extra harm, but heals its wielder somewhat when it strikes a
   living foe.
   It affects your strength (+2).
   It affects your intelligence (-4).
   It greatly protects you from fire.
   It insulates you from electricity.
Missiles
 a - 151 stones (quivered)
Armour
 u - a +1 cloak (worn)
Jewellery
 d - a ring of protection from fire (left hand)
 w - a cursed -3 ring of evasion
 y - a ring of teleportation (right hand)
 J - a +2 ring of evasion
Magical devices
 o - a wand of magic darts (16)
 A - a wand of invisibility (1)
 B - a wand of digging (17)
 F - a wand of lightning (2)
Scrolls
 e - a scroll of blinking
 j - a scroll of magic mapping
 m - 4 scrolls of teleportation
 n - 4 scrolls of enchant weapon
 x - 10 scrolls of remove curse
 D - a scroll of fear
 E - 2 scrolls of identify
 G - a scroll of fog
Potions
 f - 3 potions of curing
 g - 2 potions of lignification
 h - 5 potions of flight
 p - a potion of cancellation
 q - 8 potions of brilliance
 r - 2 potions of agility
 s - 6 potions of might
 v - a potion of heal wounds
 z - a potion of resistance
 K - 2 potions of haste
 M - a potion of cure mutation
Books
 b - a book of Geomancy

   Spells                             Type                      Level
   a - Sandblast                      Earth                        1
   b - Stoneskin                      Transmutation/Earth          2
   c - Passwall                       Transmutation/Earth          3
   d - Stone Arrow                    Conjuration/Earth            3
   e - Petrify                        Transmutation/Earth          4
   f - Lee's Rapid Deconstruction     Earth                        5
 i - a book of Minor Magic

   Spells                             Type                      Level
   a - Magic Dart                     Conjuration                  1
   b - Blink                          Translocation                2
   c - Call Imp                       Summoning                    2
   d - Repel Missiles                 Charms/Air                   2
   e - Slow                           Hexes                        2
   f - Conjure Flame                  Conjuration/Fire             3
   g - Mephitic Cloud                 Conjuration/Poison/Air       3
Comestibles
 c - 13 bread rations
 l - 4 meat rations
 H - 5 fruits


   Skills:
 - Level 5.9 Staves
 - Level 1.7 Dodging
 - Level 1.7 Stealth
 + Level 9.0 Spellcasting
 - Level 8.4 Transmutations
 + Level 10.4 Earth Magic
 + Level 5.0 Invocations
 + Level 4.4 Evocations


You had 10 spell levels left.
You knew the following spells:

 Your Spells              Type           Power        Failure   Level  Hunger
a - Blink                 Tloc           N/A          14%         2    None
b - Passwall              Trmt/Erth      #####.....   1%          3    None
c - Lee's Rapid Deconstr  Erth           ######....   3%          5    #####..
d - Petrify               Trmt/Erth      #####...     1%          4    ###....
x - Stone Arrow           Conj/Erth      ####..       2%          3    None
z - Sandblast             Erth           ######       1%          1    None


Dungeon Overview and Level Annotations

Branches:
Dungeon (11/15)            Temple (1/1) D:5            Lair (2/8) D:10
    Orc: D:9-12

Altars:
Ashenzari
Cheibriados
Dithmenos
Elyvilon
Fedhas
Gozag
Kikubaaqudgha
Makhleb
Nemelex Xobeh
Okawaru
Qazlal
Ru
Sif Muna
Trog
Vehumet
Xom
Yredelemnul
Zin
The Shining One

Shops:
D:8 =   D:9 [

Annotations:
D:4 abixa's ghost, experienced HOGl
D:7 amnekian's ghost, experienced HuFi


Innate Abilities, Weirdness & Mutations

You can breathe blasts of noxious fumes.
Your lurid green scales are hard (AC +7).
Your body does not fit into most forms of armour.
Your system is resistant to poisons.
You are cold-blooded and may be slowed by cold attacks.
You have supernaturally acute eyesight.
Your magical capacity is low (-10% MP).
You are resistant to hostile enchantments.
You are somewhat resistant to further mutation.
You are robust (+10% HP).


Message History

You feel sick.
You are no longer poisoned.
Casting: Blink
Confirm with . or Enter, or press ? or * to list all spells.
You blink.
You have got your breath back.
Casting: Blink
Confirm with . or Enter, or press ? or * to list all spells.
You blink.
Casting: Blink
Confirm with . or Enter, or press ? or * to list all spells.
You blink.
The minotaur hits you with a polished short sword {venom}!!
* * * LOW HITPOINT WARNING * * *
You are lethally poisoned!
The minotaur closely misses you.
Drink which item? (? for menu, Esc to quit)
You feel better.
The minotaur hits you with a polished short sword {venom}!!
You die...

#######
#..@H.#
#.###.# ##
#...#.# .▓.
#.#.### ▓▓
#.#... ...▓.
###.## #▓▓▓▓▓.
#.#...§... ...
#.###.#######.
#. . #


You could see a minotaur.

Vanquished Creatures
  Maud (D:10)
  The ghost of emikaela the Basher, a powerful OpWn of Okawaru (D:10)
  An unseen horror (D:11)
  3 hill giants (D:10)
  An orc knight (Bailey)
  A troll (D:10)
  A steam dragon (D:8)
  2 basilisks (Lair:1)
  A spriggan (D:7)
  4 wolves (Lair:1)
  2 hippogriffs
  Edmund (D:5)
  3 wargs (D:10)
  A water moccasin (D:10)
  A necrophage (D:9)
  5 orc warriors
  2 porcupines (Lair:1)
  An ice beast (D:10)
  2 black bears
  2 sky beasts
  A wasp (D:10)
  4 centaurs
  6 ogres
  A big kobold (D:8)
  3 crocodiles (Lair:1)
  12 giant frogs
  A water moccasin zombie (D:10)
  A wyvern skeleton (D:8)
  2 scorpions
  7 wights
  The ghost of Ajdolov the Chopper, a weakling FoFi (D:5)
  3 crimson imps
  A giant frog zombie (D:5)
  11 hounds
  3 jellies
  6 orc priests
  8 orc wizards
  Crazy Yiuf (D:3)
  A centaur skeleton (D:9)
  Ijyb (D:3)
  7 iguanas
  A quasit (D:9)
  A gnoll shaman (D:5)
  8 worker ants
  A hound skeleton (D:10)
  9 gnolls
  14 river rats
  18 adders
  3 shadow imps
  An ooze (Sewer)
  An adder skeleton (D:6)
  3 worms
  6 giant geckos
  29 orcs
  6 ball pythons
  A bat skeleton (D:10)
  11 giant cockroaches
  2 gnoll zombies (D:3)
  12 goblins
  16 hobgoblins
  11 jackals
  40 kobolds
  5 quokkas
  13 bats
  A giant gecko skeleton (D:4)
  A giant newt (D:3)
  A jackal skeleton (D:4)
  34 rats
  A fungus (D:3)
367 creatures vanquished.

Vanquished Creatures (collateral kills)
  A goblin (D:7)
  A kobold (Sewer)
2 creatures vanquished.

Vanquished Creatures (others)
  A crimson imp (D:7)
  An iguana (Lair:1)
  A fungus (Lair:1)
  A plant (Lair:1)
4 creatures vanquished.

Grand Total: 373 creatures vanquished

Notes
Turn   | Place    | Note
--------------------------------------------------------------
     0 | D:1      | namelastname112 the Draconian Earth Elementalist began the quest for the Orb.
     0 | D:1      | Reached XP level 1. HP: 14/14 MP: 3/3
   291 | D:1      | Reached XP level 2. HP: 10/20 MP: 0/5
  1464 | D:2      | Reached XP level 3. HP: 26/26 MP: 2/6
  1816 | D:2      | Found a sparkling altar of Nemelex Xobeh.
  2036 | D:2      | Reached skill level 4 in Earth Magic
  2658 | D:3      | Noticed Crazy Yiuf
  2663 | D:3      | Killed Crazy Yiuf
  2663 | D:3      | Reached XP level 4. HP: 22/33 MP: 3/8
  2900 | D:3      | Noticed Ijyb
  2917 | D:3      | Killed Ijyb
  2956 | D:3      | Reached XP level 5. HP: 17/38 MP: 0/10
  2968 | D:3      | Found a glowing drain.
  2972 | Sewer    | Entered a sewer
  3569 | Sewer    | Reached skill level 5 in Earth Magic
  4035 | Sewer    | Reached XP level 6. HP: 29/45 MP: 5/12
  4214 | D:3      | Found a stormy altar of Qazlal.
  4356 | D:3      | Reached skill level 1 in Staves
  4755 | D:3      | Found a basalt altar of Yredelemnul.
  4981 | D:4      | Learned a level 3 spell: Stone Arrow
  4985 | D:4      | Learned a level 3 spell: Passwall
  5003 | D:4      | Your scales start taking on a lurid green colour.
  5003 | D:4      | Gained mutation: Your system is resistant to poisons. [Green Draconian growth]
  5003 | D:4      | Reached XP level 7. HP: 47/50 MP: 9/14
  5122 | D:4      | Noticed abixa's ghost (experienced HOGl)
  5387 | D:4      | Reached skill level 5 in Spellcasting
  5387 | D:4      | Reached skill level 6 in Earth Magic
  5723 | D:5      | Entered Level 5 of the Dungeon
  6055 | D:5      | Found a staircase to the Ecumenical Temple.
  6080 | Temple   | Entered the Ecumenical Temple
  6153 | Temple   | Became a worshipper of Sif Muna the Loreminder
  6210 | D:5      | Noticed Ajdolov's ghost (weakling FoFi)
  6257 | D:5      | Killed Ajdolov's ghost
  6331 | D:5      | Reached XP level 8. HP: 49/57 MP: 12/16
  6557 | D:5      | Reached skill level 1 in Evocations
  6624 | D:5      | Reached skill level 1 in Invocations
  6672 | D:5      | Found an ancient bone altar of Kikubaaqudgha.
  6938 | D:5      | Noticed Edmund
  6952 | D:5      | Killed Edmund
  7267 | D:5      | Reached skill level 7 in Earth Magic
  7488 | D:5      | Gained mutation: You have supernaturally acute eyesight. [mutagenic meat]
  7489 | D:5      | Gained mutation: You are robust (+10% HP). [mutagenic meat]
  7490 | D:5      | Gained mutation: You are somewhat resistant to further mutation. [mutagenic meat]
  7491 | D:5      | Gained mutation: Your magical capacity is low (-10% MP). [mutagenic meat]
  7758 | D:6      | Found an iron altar of Okawaru.
  8097 | D:6      | Found a burning altar of Makhleb.
  8100 | D:6      | Found a glowing silver altar of Zin.
  8100 | D:6      | Noticed an angel
  8101 | D:6      | Noticed a green death
  8434 | D:6      | Found a radiant altar of Vehumet.
  8547 | D:7      | Reached XP level 9. HP: 66/68 MP: 16/16
  8554 | D:7      | Learned a level 5 spell: Lee's Rapid Deconstruction
  8590 | D:7      | Noticed amnekian's ghost (experienced HuFi)
  8594 | D:7      | Acquired Sif Muna's first power
  8642 | D:7      | Found a flagged portal.
  8702 | Bailey   | Entered a bailey
  8852 | Bailey   | Reached skill level 5 in Staves
  8915 | Bailey   | Noticed an orc knight
  8935 | Bailey   | Killed an orc knight
  9111 | Bailey   | Found an iron altar of Okawaru.
  9234 | D:7      | Learned a level 2 spell: Blink
  9252 | D:7      | Found an opulent altar of Gozag.
  9576 | D:7      | Reached skill level 8 in Earth Magic
  9836 | D:8      | Found Cegypp Upla's Jewellery Boutique.
 10026 | D:8      | Got an ichor-stained flail
 10056 | D:8      | Reached skill level 5 in Invocations
 10085 | D:8      | Learned a level 4 spell: Petrify
 10397 | D:8      | Acquired Sif Muna's second power
 10686 | D:8      | Reached XP level 10. HP: 75/75 MP: 11/18
 10792 | D:9      | Found Qaklidd's Armour Boutique.
 11280 | D:9      | Found a white marble altar of Elyvilon.
 11280 | D:9      | Found a shattered altar of Ashenzari.
 11319 | D:9      | Gained mutation: You are resistant to hostile enchantments. [mutagenic meat]
 11778 | D:9      | Reached skill level 9 in Earth Magic
 11990 | D:10     | Entered Level 10 of the Dungeon
 11991 | D:10     | Noticed a hill giant
 11998 | D:10     | Killed a hill giant
 12015 | D:10     | Noticed Maud
 12322 | D:10     | Noticed a hill giant
 12346 | D:10     | Killed a hill giant
 12346 | D:10     | Reached skill level 5 in Transmutations
 12587 | D:10     | Found a staircase to the Lair.
 12615 | D:10     | Acquired Sif Muna's third power
 12956 | D:10     | Killed Maud
 12956 | D:10     | Reached XP level 11. HP: 73/81 MP: 0/21
 12999 | D:10     | Noticed emikaela's ghost (powerful OpWn)
 13399 | D:10     | Killed emikaela's ghost
 13513 | D:10     | Noticed a hill giant
 13525 | D:10     | Killed a hill giant
 13525 | D:10     | Reached skill level 10 in Earth Magic
 13893 | D:11     | Noticed an unseen horror
 13902 | D:11     | Killed an unseen horror
 14243 | Lair:1   | Entered Level 1 of the Lair of Beasts
 16042 | Lair:2   | Found a labyrinth entrance.
 16049 | Lab      | Entered a labyrinth
 16164 | Lab      | Noticed a minotaur
 16530 | Lab      | HP: 1/81 [minotaur/polished short sword {venom} (34)]
 16531 | Lab      | Identified the +6 short sword of Summertime {venom, *Noise rPois Str+7 Stlth+}
 16531 | Lab      | Annihilated by a minotaur

Vault maps used:
D:1:      tarquinn_simple_flora_water_e, serial_forest, infiniplex_forest_end_3,
          infiniplex_forest_lined_corner, infiniplex_forest_lined_room_3,
          infiniplex_forest_clump_small, infiniplex_forest_clump_C,
          infiniplex_forest_lined_2, infiniplex_forest_clump_long
D:2:      nemelex_xobeh_ov_fountains_minmay, first_bread
D:3:      lemuel_zombie_altar_yredelemnul, grunt_qazlal_sundering,
          gup_sewer_entry_bowl, uniq_iyjb, uniq_crazy_yiuf_cottage
D:5:      kiku_gazebo_garden_becter, minmay_temple_entry_statues_pillars,
          uniq_edmund
D:6:      grunt_temple_overflow_order_and_chaos_2, old_standard_altar,
          nicolae_overflow_hidden_temple
D:7:      nicolae_gozag_cash_rules_everything_around_me, enter_bailey_3,
          the_bakery
D:8:      serial_shops, shop, feat_on_display
D:9:      gammafunk_temple_overflow_statue, serial_shops, shop_statue
D:10:     erik_lair_orcish_takeover, uniq_maud
D:11:     corner_web_ring
Temple:   nicolae_temple_figure_zero
Lair:1:   infiniplex_staircase_pool, grunt_megastairs_3
Lair:2:   lab_entry_generic
Lab:      nicolae_lab_dead_adventurers, labyrinth_skeletal_remains
Sewer:    sewer_minmay_treatment
Bailey:   bailey_axe_3, bailey

Action                   |  1- 3 |  4- 6 |  7- 9 | 10-12 || total
-------------------------+-------+-------+-------+-------++-------
Melee: Unarmed           |    30 |       |       |       ||    30
       Hammer            |    13 |       |       |       ||    13
       Quarterstaff      |       |   118 |   288 |   245 ||   651
 Cast: Sandblast         |    70 |    88 |   128 |    32 ||   318
       Stone Arrow       |       |       |    19 |    54 ||    73
       Lee's Rapid Decon |       |       |     1 |    26 ||    27
       Blink             |       |       |       |    12 ||    12
       Petrify           |       |       |       |     5 ||     5
Invok: Channel Energy    |       |       |       |     1 ||     1
 Abil: Breathe Noxious F |       |       |    12 |    13 ||    25
       Evoke Teleportati |       |       |     2 |       ||     2
Evoke: Wand              |       |       |       |     5 ||     5
  Use: Potion            |       |     2 |       |     5 ||     7
       Scroll            |       |       |    20 |    10 ||    30
 Stab: Sleeping          |     2 |     1 |     2 |     1 ||     6
       Paralysed         |       |       |     3 |       ||     3
       Distracted        |       |       |     1 |       ||     1
       Confused          |       |       |     4 |     3 ||     7
  Eat: Chunk             |     5 |     7 |    20 |     9 ||    41
       Beef jerky        |       |     1 |       |     1 ||     2
       Pizza             |       |       |     1 |     2 ||     3
       Meat ration       |       |       |     1 |     3 ||     4
       Fruit             |       |       |       |     1 ||     1
